 Dungeon Crawl Stone Soup version 0.20-a0-454-g2b43fbb (webtiles) character file.

16156 DeadSaracen the Basher (level 12, -9/96 HPs)
             Began as a Gargoyle Fighter on Jan 8, 2017.
             Was the Champion of Cheibriados.
             Mangled by Snorg (10 damage)
             ... on level 12 of the Dungeon.
             The game lasted 01:28:48 (13873 turns).

DeadSaracen the Basher (Gargoyle Fighter)          Turns: 13873, Time: 01:28:49

Health: -9/96      AC: 26    Str: 35    XL:     12   Next: 34%
Magic:  0/15       EV:  2    Int: 25    God:    Cheibriados [******]
Gold:   718        SH: 15    Dex: 28    Spells: 3/11 levels left

rFire  . . .     SeeInvis +     o - +5 flail
rCold  . . .     Gourm    .     (armour currently unavailable)
rNeg   + + +     Faith    .     S - +0 shield
rPois  ∞         Spirit   +     (helmet currently unavailable)
rElec  .         Reflect  .     (cloak currently unavailable)
rCorr  .         Harm     .     (gloves currently unavailable)
MR     .....     NoTele   +     (boots currently unavailable)
Stlth  ++........               R - amulet of guardian spirit
                                A - ring of see invisible
                                i - ring of positive energy

@: tree-form, very slightly contaminated, very slow
A: negative energy resistance 1, (electricity resistance), (unbreathing),
petrification resistance, rot immunity, AC +8
a: Bend Time, Temporal Distortion, Slouch, Step From Time, Renounce Religion


You were on level 12 of the Dungeon.
You worshipped Cheibriados.
Cheibriados was exalted by your worship.
You were full.
You were a tree.
You visited 2 branches of the dungeon, and saw 13 of its levels.
You visited the Abyss 1 time.
You also visited: Sewer.

You collected 718 gold pieces.

Inventory:

Hand Weapons
 o - a +5 flail (weapon)
 y - a +4 whip of draining
Missiles
 b - 4 throwing nets
 p - 11 tomahawks (quivered)
 J - 2 silver tomahawks
Armour
 w - a +2 cloak (melded)
 F - a +0 large shield
 H - a +0 pair of boots (melded)
 P - a +6 plate armour
 Q - a +0 helmet
 S - a +0 shield (worn)
 U - the +1 ring mail of the Equator (melded) {Str+6}
   (You found it on level 10 of the Dungeon)

   It affects your strength (+6).
Jewellery
 i - a ring of positive energy (left branch)
 A - a ring of see invisible (right branch)
 D - an uncursed ring of positive energy
 O - an uncursed ring of resist corrosion
 R - an amulet of guardian spirit (around neck)
 Z - an uncursed ring of fire
Wands
 g - a wand of acid (10/15)
 W - a wand of confusion (23/48)
 Y - a wand of confusion (21/48)
Scrolls
 a - 5 scrolls of remove curse
 n - 2 scrolls of identify
 v - a scroll of fog
 x - a scroll of fear
 z - a scroll of silence {unknown}
 E - a scroll of amnesia {unknown}
 G - a scroll of magic mapping {unknown}
 K - a scroll of teleportation
 N - a scroll of recharging {unknown}
Potions
 d - 3 potions of might
 e - a potion of brilliance
 h - 8 potions of curing
 k - 2 potions of lignification
 r - a potion of flight
 t - a potion of mutation
 B - 3 potions of resistance
 C - 3 potions of magic
 V - a potion of beneficial mutation {unknown}
Books
 c - a book of Conjurations

   Spells                             Type                      Level
   a - Magic Dart                     Conjuration                  1
   b - Searing Ray                    Conjuration                  2
   c - Dazzling Spray                 Conjuration/Hexes            3
   d - Fulminant Prism                Conjuration/Hexes            4
   e - Iskenderun's Mystic Blast      Conjuration                  4
   f - Iskenderun's Battlesphere      Conjuration/Charms           5
 u - a book of Fire

   Spells                             Type                      Level
   a - Ignite Poison                  Fire/Transmutation/Poison    3
   b - Fireball                       Conjuration/Fire             5
   c - Bolt of Fire                   Conjuration/Fire             6
   d - Delayed Fireball               Conjuration/Fire             7
   e - Ring of Flames                 Charms/Fire                  7
 L - a book of Necromancy

   Spells                             Type                      Level
   a - Pain                           Necromancy                   1
   b - Animate Skeleton               Necromancy                   1
   c - Vampiric Draining              Necromancy                   3
   d - Regeneration                   Charms/Necromancy            3
   e - Animate Dead                   Necromancy                   4
   f - Control Undead                 Necromancy                   4
 X - a book of Minor Magic

   Spells                             Type                      Level
   a - Magic Dart                     Conjuration                  1
   b - Blink                          Translocation                2
   c - Call Imp                       Summoning                    2
   d - Repel Missiles                 Charms/Air                   2
   e - Slow                           Hexes                        2
   f - Conjure Flame                  Conjuration/Fire             3
   g - Mephitic Cloud                 Conjuration/Poison/Air       3
Comestibles
 f - 12 bread rations
 l - 3 beef jerkies
 m - 5 meat rations
 q - 4 fruits
 I - a chunk of flesh
 M - 7 royal jellies


   Skills:
 - Level 3.2 Fighting
 - Level 13.4 Maces & Flails
 - Level 9.6 Armour
 - Level 3.7 Dodging
 * Level 11.1 Shields
 + Level 5.0 Invocations


You had 3 spell levels left.
You knew the following spells:

 Your Spells              Type           Power        Failure   Level  Hunger
a - Magic Dart            Conj           #...         21%         1    ##.....
b - Repel Missiles        Chrm/Air       #.....       34%         2    ###....
c - Blink                 Tloc           N/A          34%         2    ###....
d - Regeneration          Chrm/Necr      #.........   69%         3    ####...


Dungeon Overview and Level Annotations

Branches:
Dungeon (12/15)            Temple (1/1) D:6            Lair (0/6) D:9
    Orc (0/2) D:9

Altars:
Ashenzari
Cheibriados
Dithmenos
Elyvilon
Fedhas
Gozag
Hepliaklqana
Kikubaaqudgha
Makhleb
Nemelex Xobeh
Okawaru
Qazlal
Ru
Sif Muna
Trog
Uskayaw
Vehumet
Xom
Yredelemnul
Zin
The Shining One

Shops:
D:4 =   D:6 }   D:8 (

Annotations:
D:12 Snorg


Innate Abilities, Weirdness & Mutations

You are resistant to torment.
((Your stone body is resilient. (AC +8)))
You are immune to poison.
You resist negative energy. (rN+)
((You are resistant to electric shocks. (rElec)))
((You can survive without breathing.))
You are immune to petrification.
You are immune to rotting.


Message History

You turn into a tree.
Your +2 cloak melds into your body.
Your +0 pair of boots melds into your body.
The +1 ring mail of the Equator {Str+6} melds into your body.
Your roots penetrate the ground.
The hound bites you but does no damage. Snorg bites you but does no damage.
Snorg claws you but does no damage. You block Snorg's attack.
You block the hound's attack.
It was a potion of cure mutation.
It has a very clean taste.
Your thinking seems confused.
You regain control of your magic.
The antennae on your head shrink away.
You block Snorg's attack. x2; Snorg claws you.
* * * LOW HITPOINT WARNING * * *
The hound bites you but does no damage. Snorg bites you!
* * * LOW HITPOINT WARNING * * *
You block Snorg's attack. Snorg claws you but does no damage.
You hit Snorg.
Snorg is moderately wounded.
The hound bites you but does no damage. Snorg bites you.
* * * LOW HITPOINT WARNING * * *
Snorg claws you!
You die...

#.........###########
#.........#
#.........#
#.........#
######+####
###########+#
#....♣.......
#(..h.T......
#............
+........[...
#............
#............
#............
#............


You could see Snorg (berserk) and a hound.

Vanquished Creatures
  Harold (D:11)
  A centaur warrior (D:11)
  A two-headed ogre (D:9)
  A cyclops (D:11)
  A manticore (D:11)
  A centaur zombie (D:12)
  Maurice (D:10)
  An ancient zyme (D:4)
  A queen bee (D:9)
  A troll (D:11)
  Prince Ribbit (D:7)
  2 hippogriffs (D:7)
  3 slime creatures (D:11)
  A wraith (D:10)
  8 yaks
  2 wyverns
  Eustachio (D:4)
  Grum (D:8)
  2 hungry ghosts
  The ghost of Piginabag the Chopper, an amateur DsWn (D:4)
  2 wargs (D:9)
  An acid dragon (D:8)
  A soldier ant (D:11)
  2 hell hounds (D:9)
  2 water moccasins
  6 ice beasts
  A necrophage (D:10)
  2 black bears
  8 orc warriors
  6 sky beasts
  A phantom (D:6)
  8 ogres
  3 wolves (D:8)
  9 centaurs
  A crocodile (D:7)
  2 big kobolds (D:9)
  9 bullfrogs
  A wyvern zombie (D:10)
  19 killer bees
  5 wights (D:6)
  8 crimson imps
  2 quasits
  A bullfrog zombie (D:9)
  Crazy Yiuf (D:3)
  A centaur skeleton (D:8)
  3 jellies
  4 orc priests
  9 orc wizards
  3 bullfrog skeletons
  Terence (D:2)
  6 iguanas
  5 worker ants
  Natasha (thrice) (D:4 D:6)
  2 hound zombies (D:6)
  4 hound skeletons
  4 worker ant zombies
  Robin (D:4)
  A howler monkey skeleton (D:11)
  11 gnolls
  13 adders
  2 shadow imps
  3 oozes
  An adder zombie (D:9)
  4 worms
  2 adder skeletons
  2 dart slugs
  9 leopard geckos
  23 orcs
  5 giant cockroaches
  9 hobgoblins
  24 kobolds
  A quokka (D:9)
  2 ball pythons
  10 bats
  9 frilled lizards
  14 goblins
  A jackal zombie (D:5)
  A quokka skeleton (D:6)
  A quokka zombie (D:5)
  7 rats
334 creatures vanquished.

Vanquished Creatures (others)
  A wizard (D:7)
  3 big kobolds (Sewer)
  An adder (D:4)
  A bush (D:3)
6 creatures vanquished.

Grand Total: 340 creatures vanquished

Notes
Turn   | Place    | Note
-------+----------+-------------------------------------------
     0 | D:1      | DeadSaracen the Gargoyle Fighter began the quest for the Orb.
     0 | D:1      | Reached XP level 1. HP: 14/14 MP: 1/1
   330 | D:1      | Reached XP level 2. HP: 19/19 MP: 2/2
   375 | D:1      | Reached skill level 3 in Maces & Flails
   685 | D:2      | Reached XP level 3. HP: 17/23 MP: 3/3
   823 | D:2      | Noticed Terence
   831 | D:2      | Killed Terence
   831 | D:2      | Reached skill level 4 in Maces & Flails
   862 | D:2      | Reached XP level 4. HP: 28/28 MP: 4/4
  1431 | D:2      | Found a sparkling altar of Nemelex Xobeh.
  1514 | D:3      | Reached skill level 5 in Maces & Flails
  1514 | D:3      | Reached XP level 5. HP: 32/32 MP: 5/5
  2051 | D:3      | Reached skill level 6 in Maces & Flails
  2058 | D:3      | Reached XP level 6. HP: 28/37 MP: 6/6
  2305 | D:3      | Found a runed door.
  2309 | D:3      | Noticed Crazy Yiuf
  2342 | D:3      | Killed Crazy Yiuf
  2454 | D:4      | Noticed Natasha
  2454 | D:4      | Noticed Piginabag's ghost (amateur DsWn)
  2460 | D:4      | Killed Natasha
  2605 | D:4      | Found a glowing drain.
  2617 | Sewer    | Entered a sewer
  2643 | Sewer    | Reached skill level 7 in Maces & Flails
  2894 | Sewer    | Reached XP level 7. HP: 41/41 MP: 7/7
  3022 | D:4      | Noticed Eustachio
  3285 | D:4      | Noticed Robin
  3319 | D:4      | Killed Robin
  3319 | D:4      | Reached skill level 8 in Maces & Flails
  3345 | D:4      | Cast into level 2 of the Abyss (a distortion unwield)
  3416 | Abyss:2  | Noticed a wretched star
  3432 | Abyss:2  | Noticed an ancient zyme
  3446 | D:4      | Escaped the Abyss
  3463 | D:4      | Killed an ancient zyme
  3463 | D:4      | Reached skill level 9 in Maces & Flails
  3463 | D:4      | Reached XP level 8. HP: 14/46 MP: 8/8
  3494 | D:4      | Found Seschuwn's Jewellery Emporium.
  3876 | D:4      | Killed Eustachio
  3899 | D:4      | Killed Piginabag's ghost
  3899 | D:4      | Reached skill level 10 in Maces & Flails
  4044 | D:5      | Entered Level 5 of the Dungeon
  4080 | D:5      | Found a snail-covered altar of Cheibriados.
  4104 | D:5      | Became a worshipper of Cheibriados the Contemplative
  4998 | D:6      | Found Yraogatu's Gadget Boutique.
  5001 | D:6      | Upgraded the game from 0.20-a0-449-g96be121 to 0.20-a0-454-g2b43fbb
  5027 | D:6      | Found a staircase to the Ecumenical Temple.
  5054 | Temple   | Entered the Ecumenical Temple
  5388 | D:6      | Reached XP level 9. HP: 47/51 MP: 9/9
  5422 | D:6      | Reached skill level 11 in Maces & Flails
  5422 | D:6      | Reached skill level 1 in Dodging
  5434 | D:6      | Reached * piety under Cheibriados
  6123 | D:7      | Reached skill level 5 in Armour
  6660 | D:7      | Noticed Prince Ribbit
  6910 | D:7      | Killed Prince Ribbit
  6910 | D:7      | Reached XP level 10. HP: 50/56 MP: 10/10
  6918 | D:7      | Reached ** piety under Cheibriados
  7147 | D:7      | Found a bloodstained altar of Trog.
  7148 | D:7      | Noticed a wizard
  7153 | D:7      | Killed a wizard
  7735 | D:8      | Found Lirew's Antique Weapon Boutique.
  7925 | D:8      | Noticed Grum
  7976 | D:8      | Killed Grum
  7984 | D:8      | Reached *** piety under Cheibriados
  8327 | D:8      | Found an iron altar of Okawaru.
  8636 | D:9      | Reached skill level 12 in Maces & Flails
  8680 | D:9      | Found a staircase to the Lair.
  8697 | D:9      | Reached skill level 5 in Shields
  9119 | D:9      | Reached **** piety under Cheibriados
  9381 | D:9      | Reached XP level 11. HP: 46/60 MP: 2/11
  9508 | D:9      | Noticed a two-headed ogre
  9517 | D:9      | Killed a two-headed ogre
  9661 | D:9      | Noticed a two-headed ogre
  9829 | D:9      | Reached ***** piety under Cheibriados
  9855 | D:9      | Found a staircase to the Orcish Mines.
 10273 | D:10     | Entered Level 10 of the Dungeon
 10273 | D:10     | Noticed Maurice
 10289 | D:10     | Killed Maurice
 10419 | D:10     | Reached skill level 1 in Invocations
 10478 | D:10     | Learned a level 1 spell: Magic Dart
 10635 | D:8      | Reached skill level 13 in Maces & Flails
 10698 | D:6      | Noticed Natasha
 10703 | D:6      | Killed Natasha
 10778 | D:6      | Noticed Natasha
 10783 | D:6      | Killed Natasha
 11417 | D:10     | Identified the +1 ring mail of the Equator {Str+6} (You found it on level 10 of the Dungeon)
 11949 | D:11     | Noticed a manticore
 11962 | D:11     | Killed a manticore
 12192 | D:11     | Noticed a centaur warrior
 12195 | D:11     | Noticed Harold
 12559 | D:11     | Found Qankahul's Antique Weapon Emporium.
 12579 | D:11     | Learned a level 2 spell: Repel Missiles
 12582 | D:11     | Learned a level 2 spell: Blink
 12586 | D:11     | Learned a level 3 spell: Regeneration
 13025 | D:11     | Killed Harold
 13025 | D:11     | Reached skill level 10 in Shields
 13025 | D:11     | Reached XP level 12. HP: 53/64 MP: 12/14
 13157 | D:11     | Killed a centaur warrior
 13176 | D:11     | Reached ****** piety under Cheibriados
 13735 | D:12     | Reached skill level 5 in Invocations
 13747 | D:12     | Gained mutation: You have a pair of small antennae on your head. [potion of mutation]
 13747 | D:12     | Gained mutation: Your spells are a little harder to cast, but a little more powerful. [potion of mutation]
 13747 | D:12     | Gained mutation: You possess an exceptional clarity of mind. [potion of mutation]
 13842 | D:12     | Noticed a death knight
 13864 | D:12     | Noticed Snorg
 13872 | D:12     | Lost mutation: You possess an exceptional clarity of mind. [potion of cure mutation]
 13872 | D:12     | Lost mutation: Your spells are a little harder to cast, but a little more powerful. [potion of cure mutation]
 13872 | D:12     | Lost mutation: You have a pair of small antennae on your head. [potion of cure mutation]
 13872 | D:12     | HP: 3/96 [Snorg (12)]
 13873 | D:12     | HP: 1/96 [Snorg (2)]
 13873 | D:12     | Mangled by Snorg

Vault maps used:
D:1:      minmay_arrival_five_plusses, minmay_cupped
D:2:      nemelex_spade_bored_becter, uniq_terence
D:3:      minmay_ruptured, uniq_crazy_yiuf_cottage
D:4:      serial_shops, shop, gup_sewer_entry_bubbles,
          nicolae_ossuary_entry_plus, uniq_eustachio, uniq_natasha, uniq_robin
D:5:      basic_altar, first_bread, serial_undead, serial_undead_d,
          serial_undead_d, serial_undead_f, serial_undead_e
D:6:      serial_shops, kennysheep_mini
D:7:      hangedman_decor_peaks_small, trog_wizard, uniq_prince_ribbit1
D:8:      serial_shops, nicolae_shop_crystal, minmay_fountain_box,
          okawaru_ov_weapons_minmay, uniq_grum
D:9:      minmay_lair_entry_lava, david_orc_1_choice, david_nohive_1
D:10:     grunt_ministairs_12, uniq_maurice
D:11:     serial_shops, shop, columned_hall_lemuel, uniq_harold
D:12:     basic_altar, minmay_variable_closet, uniq_fannar, uniq_psyche,
          uniq_snorg
Temple:   grunt_wide_crystal_templ
Abyss:2:  evilmike_abyss_exit_vortex, bh_silent_lugonu_exit
Sewer:    kennysheep_pipe_town

Skill      XL: |  1  2  3  4  5  6  7  8  9 10 11 12 |
---------------+-------------------------------------+-----
Maces & Flails | 3 4 5 6 7 9 10 11 12 13 | 13.4
Armour         | 4 7 9 |  9.6
Dodging        | 3 |  3.7
Shields        | 6 10 11 | 11.1
Invocations    | 3 5 |  5.0
Fighting       | |  3.2

Action                   |  1- 3 |  4- 6 |  7- 9 | 10-12 || total
-------------------------+-------+-------+-------+-------++-------
Melee: Flail             |    75 |   180 |   133 |   711 ||  1099
       Whip              |       |   101 |   273 |       ||   374
Throw: Tomahawk          |       |       |     4 |     9 ||    13
       Throwing net      |       |       |       |     1 ||     1
Evoke: Wand              |       |       |       |     1 ||     1
  Use: Scroll            |       |     4 |     7 |    17 ||    28
       Potion            |       |       |     3 |    11 ||    14
 Stab: Sleeping          |       |       |       |     1 ||     1
       Distracted        |       |       |       |     1 ||     1
  Eat: Chunk             |       |     6 |    12 |    15 ||    33
       Fruit             |       |       |     2 |       ||     2
       Pizza             |       |       |       |     2 ||     2
Armor: Chain mail        |    48 |   225 |   250 |   208 ||   731
       Plate armour      |       |       |       |   110 ||   110
       Ring mail         |       |       |       |    90 ||    90
       Skin              |       |       |       |     6 ||     6
Dodge: Dodged            |    38 |    99 |   135 |   438 ||   710
Block: Shield            |       |       |       |   108 ||   108
